 Dungeon Crawl Stone Soup version 0.30.0-29-ga12c61a403 (webtiles) character file.

Game seed: 6911888824063120366

1 ChadusMaximus the Caller (level 1, -3/13 HPs)
             Began as a Barachi Summoner on June 23, 2023.
             Slain by a hobgoblin (5 damage)
             ... on level 1 of the Dungeon.
             The game lasted 00:00:20 (67 turns).

ChadusMaximus the Caller (Barachi Summoner)           Turns: 67, Time: 00:00:20

Health: -3/13      AC:  2    Str:  9    XL:     1   Next: 20%
Magic:  2/3        EV: 12    Int: 15    God:
Gold:   23         SH:  0    Dex: 12    Spells: 3/4 levels left

rFire   . . .        d - +0 whip
rCold   . . .        (no shield)
rNeg    . . .        a - +0 robe
rPois   .            (no helmet)
rElec   .            (no cloak)
rCorr   +            (no gloves)
SInv    .            (no boots)
Will    .....        (no amulet)
Stlth   ++           c - ring of resist corrosion
HPRegen 0.22/turn    (no ring)
MPRegen 0.08/turn

%: no passive effects
@: slow
A: amphibious, slowness 1, strong legs 1, +LOS
a: Hop


You were on level 1 of the Dungeon.
You visited 1 branch of the dungeon, and saw 1 of its levels.

You collected 23 gold pieces.

Inventory:

Hand Weapons
 d - a +0 whip (weapon)
Armour
 a - a +0 robe (worn)
Jewellery
 c - a ring of resist corrosion (left hand)
Potions
 b - a potion of magic


   Skills:
 - Level 2.1 Dodging
 - Level 1.7 Stealth
 + Level 2.2 Spellcasting
 * Level 4.9 Summonings


You had 3 spell levels left.
You knew the following spells:

 Your Spells              Type           Power      Damage    Failure   Level
a - Summon Small Mammal   Summ           64%        N/A       3%          1

Your spell library contained the following spells:

 Spells                   Type           Power      Damage    Failure   Level
 Call Imp                 Summ           32%        N/A       4%          2
 Call Canine Familiar     Summ           16%        N/A       9%          3
 Summon Guardian Golem    Hex/Summ       9%         N/A       24%         3
 Summon Lightning Spire   Summ/Air       9%         N/A       61%         4


Dungeon Overview and Level Annotations

Branches:
Dungeon (1/15)

Altars:


Innate Abilities, Weirdness & Mutations

You are amphibious.
You cover ground slowly.
You can hop short distances.
You have an extended range of vision and can be seen from far away.


Message History

d - a +0 whip
d - a +0 whip (weapon)
c - a ring of resist corrosion (left hand)
A frilled lizard comes into view.
The frilled lizard hisses angrily.
Found a leather armour.
A frilled lizard is nearby!
A frilled lizard is nearby!
A hobgoblin comes into view.
The frilled lizard bites you.
There are monsters nearby!
You closely miss the frilled lizard. The frilled lizard closely misses you.
There are monsters nearby!
You miss the frilled lizard.
The frilled lizard bites you but does no damage.
There are monsters nearby!
You barely miss the frilled lizard. The frilled lizard bites you.
Unknown command.
There are monsters nearby!
You miss the frilled lizard. The frilled lizard closely misses you.
You barely miss the frilled lizard. The frilled lizard barely misses you.
You barely miss the frilled lizard. The frilled lizard bites you.
Unknown command.
You barely miss the frilled lizard. The frilled lizard bites you.
There are monsters nearby!
You hit the frilled lizard but do no damage.
The hobgoblin barely misses you. The frilled lizard bites you.
There are monsters nearby!
You closely miss the frilled lizard. The hobgoblin hits you.
The frilled lizard bites you.
* * * LOW HITPOINT WARNING * * *
Unknown command.
There are monsters nearby!
You are too injured to fight recklessly!
There are monsters nearby!
You are too injured to fight recklessly!
Casting: Summon Small Mammal (safe; 3% risk of failure)
Confirm with . or Enter, or press ? or * to list all spells.
The hobgoblin hits you.
You die...

..........#...#......
........#..#.#.....##
.####..##...#...##.# # .#
#.##......#....## .## .#
#.#.......#.....#.... [#
#.#..#####...........
.####....####.>..r....[..
.......).................
............#...@l.......
.####.#####......g.......
#. ###............ ..
.............. ..
...###.....#.... .# .###
####### .## .# #


You could see a hobgoblin, a frilled lizard (ally target) and a friendly quokka
(summoned).

Vanquished Creatures (collateral kills)
  A goblin (D:1)
1 creature vanquished.

Notes
Turn   | Place    | Note
-------+----------+-------------------------------------------
     0 | D:1      | ChadusMaximus the Barachi Summoner began the quest for the
                  | Orb.
     0 | D:1      | Reached XP level 1. HP: 13/13 MP: 3/3
    67 | D:1      | Slain by a hobgoblin

Illustrated notes

Levels and vault maps discovered:
D:1:      scummos_arrival_star, layout_rooms

Action                     || total
---------------------------++-------
  Melee: Whip              ||     9
         Unarmed           ||     4
   Cast: Summon Small Mamm ||     3
 Armour: Robe              ||     2
  Dodge: Dodged            ||     7
